 Dungeon Crawl Stone Soup version 0.30-a0-528-g8c47a4955b (webtiles) character file.

Game seed: 3966402428359192254

654749 jfcaron the Phalangite (level 27, -26/224 HPs)
             Began as a Gnoll Hexslinger on Dec 16, 2022.
             Was a High Priest of Ashenzari.
             Killed from afar by a Killer Klown (39 damage)
             ... with a klown pie
             ... while paralysed by a dread lich
             ... on level 5 of the Realm of Zot on Dec 24, 2022.
             The game lasted 06:34:33 (80282 turns).

jfcaron the Phalangite (Gnoll Hexslinger)          Turns: 80282, Time: 06:34:34

Health: -26/224    AC:  0    Str: 17    XL:     27
Magic:  9/47       EV:  5    Int: 22    God:    Ashenzari [*****.]
Gold:   6616       SH:  0    Dex: 23    Spells: 2/66 levels left

rFire   . . .      SeeInvis +      - Unarmed
rCold   . . .      Faith    .    (shield currently unavailable)
rNeg    . . .      Spirit   .    (body armour currently unavailable)
rPois   .          Reflect  .    (helmet currently unavailable)
rElec   .          Harm     .    (cloak currently unavailable)
rCorr   .          Rampage  .    (gloves currently unavailable)
Will    ++...      Clarity  +    (boots currently unavailable)
Stlth   ++++++++                 a - amulet "Restrained Monotheism" {rF+ Regen+ Str+4 Dex+4 SInv, Elem, Fort} (curse)
HPRegen 1.37/turn                (ring currently unavailable)
MPRegen 0.30/turn                (ring currently unavailable)

@: paralysed, brilliant, bat-form, death channelling, fire vulnerable, flying,
hasted, studying 2 skills, very quick
A: fast, flying, no casting, tiny, (fangs 1), strong nose, distributed training,
screaming 1
}: 4/15 runes: decaying, slimy, silver, gossamer
a: Renounce Religion, Curse Item, Shatter the Chains


You were on level 5 of the Realm of Zot.
You worshipped Ashenzari.
Ashenzari was extremely pleased with you.
You were a bat.
You visited 12 branches of the dungeon, and saw 56 of its levels.
You also visited: Trove, Sewer, Gauntlet and Desolation.

You collected 12173 gold pieces.
You spent 5557 gold pieces at shops.

Inventory:

Hand Weapons
 b - the cursed +8 demon trident "Rift" (melded) {distort, reach+, Self, Elem}
   (You took it off an ironbound preserver on level 5 of the Vaults)

   It warps and distorts space around it, and may blink, banish, or inflict
   extra damage upon those it strikes.
   Unwielding it can cause banishment or teleport you to foes.
   It can reach especially far, and its reaching attacks ignore other creatures
   in the way.
   It has a curse which improves the following skills: Introspection: Fighting
   and Spellcasting.
   Elements:  Fire Magic, Ice Magic, Air Magic and Earth Magic.
Missiles
 t - 2 silver javelins {!f}
 B - 20 javelins
 E - 17 curare-tipped darts {!f}
 R - 5 throwing nets {!f}
 X - 5 boomerangs of dispersal {!f}
 Z - 11 atropa-tipped darts {!f}
Armour
 e - the cursed +1 ring mail of the Enigmatic Pleiades (melded) {*Slow Int+9 Dex+5 Slay+2, Fort, Evo}
   (You found it on level 2 of the Lair of Beasts)

   Int:       It affects your intelligence (+9).
   Dex:       It affects your dexterity (+5).
   Slay:      It affects your accuracy & damage with ranged weapons and melee
   (+2).
   *Slow:     It may slow you when you take damage.
   It has a curse which improves the following skills: Fortitude: Armour and
   Shields.
   Evocations: Evocations.
 i - the cursed +8 tower shield "Behold Eternity" (melded) {Fort, Elem}
   (You took it off an orc warlord on level 2 of the Vaults)

   It has a curse which improves the following skills: Fortitude: Armour and
   Shields.
   Elements:  Fire Magic, Ice Magic, Air Magic and Earth Magic.
 j - the +2 cloak of the Trout (melded) {Rampage Will+ rCorr}
   (You found it on level 5 of the Vaults)

   rCorr:     It protects you from acid and corrosion.
   Rampage:   It bestows one free step when moving towards enemies.
   Will:      It increases your willpower.
 o - the cursed +3 pair of gauntlets of War (melded) {Slay+5, Evo, Self}
   (You acquired it on level 11 of the Dungeon)

   Slay:      It affects your accuracy & damage with ranged weapons and melee
   (+5).
   It has a curse which improves the following skills: Evocations: Evocations.
   Introspection: Fighting and Spellcasting.
 s - the cursed +1 helmet "Ennui of Ashenzari" (melded) {Int+3, Elem, Melee}
   (You bought it in a shop on level 2 of the Dungeon)

   It has a curse which improves the following skills: Elements: Fire Magic, Ice
   Magic, Air Magic and Earth Magic.
   Melee Combat: Short Blades, Long Blades, Axes, Maces & Flails, Polearms,
   Staves and Unarmed Combat.
 P - the cursed +2 pair of boots of the Perceptive Dismay (melded) {Comp, Range}
   (You found it on level 8 of the Dungeon)

   It has a curse which improves the following skills: Companions: Summonings
   and Necromancy.
   Ranged Combat: Ranged Weapons and Throwing.
Jewellery
 a - the cursed amulet "Restrained Monotheism" (around neck) {rF+ Regen+ Str+4 Dex+4 SInv, Elem, Fort}
   (You found it on level 3 of the Crypt)

   [amulet of regeneration]

   Str:       It affects your strength (+4).
   Dex:       It affects your dexterity (+4).
   rF:        It protects you from fire.
   SInv:      It lets you see invisible.
   Regen:     It increases your rate of health regeneration.
   It has a curse which improves the following skills: Elements: Fire Magic, Ice
   Magic, Air Magic and Earth Magic.
   Fortitude: Armour and Shields.
 g - a cursed ring of Cremastomancy (melded) {rC+ Will+, Fort, Range}
   (You acquired it on level 5 of the Lair of Beasts)

   [ring of willpower]

   rC:        It protects you from cold.
   Will:      It increases your willpower.
   It has a curse which improves the following skills: Fortitude: Armour and
   Shields.
   Ranged Combat: Ranged Weapons and Throwing.
 O - the cursed ring of Ashenzari's Sybil (melded) {rElec rPois rF++ rCorr, Evo, Self}
   (You acquired it on level 1 of the Spider Nest)

   [ring of resist corrosion]

   rF:        It greatly protects you from fire.
   rElec:     It insulates you from electricity.
   rPois:     It protects you from poison.
   rCorr:     It protects you from acid and corrosion.
   It has a curse which improves the following skills: Evocations: Evocations.
   Introspection: Fighting and Spellcasting.
Wands
 k - a wand of mindburst (47)
 y - a wand of quicksilver (30)
 G - a wand of digging (9)
 L - a wand of roots (38)
 M - a wand of polymorph (11)
 U - a wand of charming (40)
Scrolls
 c - 3 scrolls of summoning
 h - 15 scrolls of poison
 m - 7 scrolls of blinking
 n - 39 scrolls of teleportation
 p - 4 scrolls of silence
 N - 11 scrolls of vulnerability
 T - 4 scrolls of immolation
 V - a scroll of fear
 W - 13 scrolls of fog
Potions
 f - 3 potions of lignification
 l - 20 potions of might
 q - 10 potions of mutation
 r - 5 potions of brilliance
 u - 15 potions of heal wounds
 w - 13 potions of haste
 x - 8 potions of ambrosia
 z - 8 potions of magic
 C - 9 potions of cancellation
 D - 7 potions of invisibility
 H - 3 potions of resistance
 K - 12 potions of flight
 S - 40 potions of curing
Miscellaneous
 d - a tin of tremorstones (inert)
 v - a box of beasts
 A - a lightning rod (4/4)
 I - a condenser vane (inert)
 J - a phantom mirror (inert)
 Q - the horn of Geryon (inert)
 Y - a phial of floods


   Skills:
 + Level 20.1 Fighting
 + Level 19.9 Short Blades
 + Level 19.9 Long Blades
 + Level 19.9 Axes
 + Level 19.9 Maces & Flails
 + Level 25.5 Polearms
 + Level 19.9 Staves
 + Level 20.3 Ranged Weapons
 + Level 19.9 Throwing
 + Level 19.9(21.9) Armour
 + Level 20.5 Dodging
 + Level 19.9 Stealth
 + Level 21.5(23.5) Shields
 + Level 19.9 Unarmed Combat
 + Level 20.1 Spellcasting
 + Level 17.0 Conjurations
 + Level 17.8 Hexes
 + Level 17.0 Summonings
 + Level 17.0 Necromancy
 + Level 17.0 Translocations
 + Level 17.0 Transmutations
 + Level 17.0(19.2) Fire Magic
 + Level 17.0(19.2) Ice Magic
 + Level 17.0(19.2) Air Magic
 + Level 17.0(19.2) Earth Magic
 + Level 17.0 Poison Magic
 + Level 21.5 Invocations
 + Level 19.9 Evocations


You had 2 spell levels left.
You knew the following spells:

 Your Spells              Type           Power      Damage    Failure   Level
b - Death Channel         Necr           49%        N/A       1%          6
c - Apportation           Tloc           100%       N/A       0%          1
d - Spellforged Servitor  Conj/Summ      49%        N/A       1%          7
e - Shatter               Erth           51%        3d39*     63%         9
f - Ignition              Fire           51%        3d14      5%          8
h - Lehudib's Crystal Sp  Conj/Erth      50%        10d12     9%          8
i - Dispel Undead         Necr           98%        3d31      1%          4
j - Freezing Cloud        Conj/Ice/Air   50%        6-21      1%          5
k - Lee's Rapid Deconstr  Erth           51%        3d24*     1%          5
l - Statue Form           Tmut/Erth      67%        N/A       1%          6
n - Borgnjor's Vile Clut  Necr/Erth      50%        N/A       1%          5

Your spell library contained the following spells:

 Spells                   Type           Power      Damage    Failure   Level
 Beastly Appendage        Tmut           100%       N/A       0%          1
 Foxfire                  Conj/Fire      100%       2x1d9     0%          1
 Freeze                   Ice            100%       1d10      0%          1
 Kiss of Death            Conj/Necr      100%       2d13      0%          1
 Magic Dart               Conj           100%       1d8       0%          1
 Necrotise                Necr           100%       1d9       0%          1
 Sandblast                Erth           100%       2d20      0%          1
 Slow                     Hex            100%       N/A       0%          1
 Sting                    Tmut/Pois      100%       1d8       0%          1
 Summon Small Mammal      Summ           100%       N/A       0%          1
 Call Imp                 Summ           98%        N/A       0%          2
 Cigotuvi's Dreadful Rot  Necr/Pois/Air  100%       N/A       0%          2
 Ensorcelled Hibernation  Hex/Ice        100%       N/A       0%          2
 Passwall                 Tmut/Erth      84%        N/A       0%          2
 Poisonous Vapours        Pois/Air       100%       N/A       0%          2
 Scorch                   Fire           100%       2d10      0%          2
 Searing Ray              Conj           100%       2d8       0%          2
 Static Discharge         Conj/Air       100%       2-7/arc   0%          2
 Sublimation of Blood     Necr           98%        N/A       0%          2
 Wereblood                Tmut           98%        N/A       0%          2
 Call Canine Familiar     Summ           98%        N/A       0%          3
 Confusing Touch          Hex            100%       N/A       0%          3
 Dazzling Flash           Conj/Hex       100%       N/A       0%          3
 Frozen Ramparts          Ice            100%       1d16      0%          3
 Hailstorm                Conj/Ice       100%       3d20      0%          3
 Ignite Poison            Fire/Tmut/Pois 100%       N/A       0%          3
 Inner Flame              Hex/Fire       100%       N/A       0%          3
 Kindle Blastsparks       Fire/Tloc/Air  100%       2d18      0%          3
 Mephitic Cloud           Conj/Pois/Air  100%       N/A       0%          3
 Ozocubu's Armour         Ice            100%       N/A       0%          3
 Portal Projectile        Hex/Tloc       100%       N/A       0%          3
 Spider Form              Tmut/Pois      98%        N/A       0%          3
 Stone Arrow              Conj/Erth      100%       3d13      0%          3
 Summon Guardian Golem    Hex/Summ       99%        N/A       0%          3
 Tukima's Dance           Hex            100%       N/A       0%          3
 Vampiric Draining        Necr           98%        2d13      0%          3
 Vhi's Electric Charge    Tloc/Air       100%       N/A       0%          3
 Airstrike                Air            51%        2d(8-24)  0%          4
 Anguish                  Hex/Necr       49%        N/A       0%          4
 Animate Armour           Summ/Erth      100%       N/A       0%          4
 Cause Fear               Hex            50%        N/A       0%          4
 Flame Wave               Conj/Fire      100%       2d21      0%          4
 Fulminant Prism          Conj/Hex       49%        3d21      0%          4
 Ice Form                 Ice/Tmut       100%       N/A       0%          4
 Leda's Liquefaction      Hex/Erth       50%        N/A       0%          4
 Petrify                  Tmut/Erth      100%       N/A       0%          4
 Sticky Flame             Conj/Fire      100%       2d11      0%          4
 Summon Ice Beast         Ice/Summ       100%       N/A       0%          4
 Summon Lightning Spire   Summ/Air       100%       N/A       0%          4
 Animate Dead             Necr           98%        N/A       1%          4
 Iskenderun's Mystic Bla  Conj/Tloc      98%        2d19      1%          4
 Olgreb's Toxic Radiance  Pois           98%        N/A       1%          4
 Passage of Golubria      Tloc           98%        N/A       1%          4
 Agony                    Necr           98%        N/A       1%          5
 Alistair's Intoxication  Tmut/Pois      65%        N/A       1%          5
 Arcjolt                  Conj/Air       50%        1d60      1%          5
 Blade Hands              Tmut           49%        N/A       1%          5
 Fireball                 Conj/Fire      50%        3d20      1%          5
 Irradiate                Conj/Tmut      49%        3d28      1%          5
 Lightning Bolt           Conj/Air       50%        1d71      1%          5
 Silence                  Hex/Air        50%        N/A       1%          5
 Summon Forest            Summ/Tloc      49%        N/A       1%          5
 Summon Mana Viper        Hex/Summ       99%        N/A       1%          5
 Yara's Violent Unravell  Hex/Tmut       49%        3d19      1%          5
 Eringya's Noxious Bog    Tmut/Pois      49%        N/A       1%          6
 Simulacrum               Ice/Necr       50%        N/A       1%          6
 Starburst                Conj/Fire      50%        6d14      1%          6
 Summon Cactus Giant      Summ           49%        N/A       1%          6
 Enfeeble                 Hex            50%        N/A       1%          7
 Haunt                    Necr/Summ      49%        N/A       1%          7
 Malign Gateway           Summ/Tloc      49%        N/A       1%          7
 Monstrous Menagerie      Summ           49%        N/A       1%          7
 Orb of Destruction       Conj           49%        9d13      1%          7
 Ozocubu's Refrigeration  Ice            51%        4d18      1%          7
 Summon Hydra             Summ           49%        N/A       1%          7
 Summon Horrible Things   Summ           49%        N/A       13%         8
 Polar Vortex             Ice            51%        N/A       63%         9
 Dragon's Call            Summ           49%        N/A       89%         9


Dungeon Overview and Level Annotations

Branches:
Dungeon (15/15)            Temple (0/1) D:4            Lair (5/5) D:9
  Swamp (4/4) Lair:2       Spider (4/4) Lair:2        Slime (5/5) Lair:4
    Orc (2/2) D:10            Elf (3/3) Orc:2        Vaults (5/5) D:14
  Crypt (3/3) Vaults:2       Tomb (0/3) Crypt:3      Depths (4/4) D:15
   Hell (visited)             Dis (0/7) Hell            Geh (0/7) Hell
    Coc (0/7) Hell            Tar (0/7) Hell            Zot (5/5) Depths:4
  Sewer (visited)         Desolation (visited)      Gauntlet (visited)

Altars:
Ashenzari
Cheibriados
Elyvilon
Fedhas
Hepliaklqana
Kikubaaqudgha
Qazlal
Ru
Sif Muna
Trog
Uskayaw
Yredelemnul
Zin
Jiyva

Shops:
D:2 [   D:11 ?   Orc:2 (*[:   Vaults:3 [   Vaults:5 (

Portals:
Hell: Depths:1 Depths:2 Depths:3 Depths:4
Abyss: Depths:3 Depths:4
Pandemonium: Depths:2
Ziggurat: Depths:2


Innate Abilities, Weirdness & Mutations

You are a bat.
You are tiny and dextrous.
You move quickly.
You are flying.
Your equipment is almost entirely melded.
You are incapable of wielding weapons or throwing items.
You cannot cast spells.
((You have very sharp teeth.))
Your uncanny sense of smell can sniff out nearby items.
Your experience applies equally to all skills.
You occasionally shout uncontrollably at your foes.


Message History

The cursed +8 demon trident "Rift" {distort, reach+, Self, Elem} melds into your body.
The +2 cloak of the Trout {Rampage Will+ rCorr} melds into your body.
The cursed +1 helmet "Ennui of Ashenzari" {Int+3, Elem, Melee} melds into your body.
The cursed +3 pair of gauntlets of War {Slay+5, Evo, Self} melds into your body.
The cursed +2 pair of boots of the Perceptive Dismay {Comp, Range} melds into your body.
The cursed +8 tower shield "Behold Eternity" {Fort, Elem} melds into your body.
The cursed +1 ring mail of the Enigmatic Pleiades {*Slow Int+9 Dex+5 Slay+2, Fort, Evo} melds into your body.
The cursed ring of Ashenzari's Sybil {rElec rPois rF++ rCorr, Evo, Self} melds into your body.
Your cursed ring of Cremastomancy {rC+ Will+, Fort, Range} melds into your body.
You feel stupid.
Unknown command.
Clouds of acidic fog condense around you!
The condenser dries out!
The dread lich is engulfed in acidic fog.
The acid corrodes the dread lich!
The dread lich gestures at you while chanting.
You suddenly lose the ability to move!
The hellion is engulfed in acidic fog.
The dread lich is engulfed in acidic fog.
The acid corrodes the dread lich!
The dread lich enters a dispersal trap!
The Killer Klown blinks!
The shadow demon blinks!
The Killer Klown blinks!
The orb of fire blinks!
Your spectral golden dragon blinks!
The shadow demon blinks!
The tormentor blinks!
The shadow demon blinks!
The hellion blinks! x2; The dread lich blinks!
Your spectral golden dragon blinks!
The Killer Klown blinks!
You blink.
The dread lich blinks!
The Killer Klown is engulfed in acidic fog.
The acid corrodes the Killer Klown!
Your spectral golden dragon bites the orb of fire!
Your spectral golden dragon claws the orb of fire!
The orb of fire is destroyed!
You are engulfed in acidic fog.
* * * LOW HITPOINT WARNING * * *
You are engulfed in acidic fog.
* * * LOW HITPOINT WARNING * * *
The Killer Klown pies you viciously! The klown pie hits you!!!
Cherry!
Cherry-coloured flames burn away your fire resistance!
You die...

,,,,.,,,,,,,,,,,,,,***
*,,,..,,{{,,,{,,****
**,,...##▓▓▓▓▓▓▓▓▓▓▓#
*,,,.....§§.........###
,,,,.....§§....§##....##
,,,,.....§§..2...###...##########
,,,,....[§§§§2....###............
^,,,......Z§§.p!..# ##...........
,,,,.p...§§.§.§§b§# #...........
,,,,.2...§§§§§§§§§# ##..........
,,,,.....§§§§.§§§§# #..........
,,,,.....§§§§§....# ##..........
,,,,.............## #...........
,,,,,,,,§.......## ##...........
*,,,,,,,...^...## #............
################▓▓▓▓########.####
#....'.......#.....†......#....+.


You could see a Killer Klown (corroded), a shadow demon (summoned, ally target),
a hellion (summoned) and a friendly spectral golden dragon.

Vanquished Creatures
  the Royal Jelly (Slime:5)
  6 dread liches
  5 orbs of fire
  Khufu (Crypt:3)
  3 ancient liches
  The ghost of Wefy the Timeless, a legendary GnIE of Cheibriados (Zot:1)
  A royal mummy (Crypt:3)
  A Killer Klown (Zot:1)
  Boris (Vaults:5)
  Frederick (Depths:3)
  Saint Roka (Depths:1)
  Bai Suzhen (Depths:1)
  4 curse toes
  Xtahua (Vaults:3)
  Margery (Vaults:2)
  Geryon (Hell)
  Jory (Crypt:3)
  5 bone dragons
  Nikola (Spider:2)
  13 golden dragons
  The ghost of lotum the Executioner, an adept HOBe of Trog (Depths:3)
  Arachne (Spider:2)
  3 doom hounds (Crypt:3)
  A Tzitzimitl (Crypt:3)
  2 electric golems
  10 Orb Guardians (Zot:5)
  17 tentacled monstrosities
  Jorgrun (Elf:1)
  8 liches
  7 quicksilver dragons
  4 titans
  Grunn (Crypt:3)
  4 deep elf blademasters
  A deep elf master archer (Elf:3)
  17 acid blobs
  A walking frostbound tome (Depths:2)
  3 sphinxes
  9 ancient champions
  7 death cobs
  3 thorn hunters (Swamp:4)
  Kirke (Spider:2)
  10 tengu reavers
  7 shadow dragons
  16 storm dragons
  2 revenants
  11 azure jellies
  7 rockslimes
  4 draconian monks
  11 fire giants
  3 iron dragons
  13 frost giants
  6 deep elf sorcerers
  An imperial myrmidon (Desolation)
  6 emperor scorpions
  3 draconian knights
  5 draconian scorchers
  4 ghost moths (Spider:4)
  14 vault wardens
  18 ghouls
  6 curse skulls
  3 deep elf elementalists (Elf:3)
  A caustic shrike zombie (Depths:2)
  Aizul (Depths:1)
  8 draconian shifters
  10 draconian stormcallers
  15 ironbound preservers
  3 orc warlords
  16 very ugly things
  2 broodmothers
  4 reapers
  7 quicksilver oozes
  14 stone giants
  5 draconian annihilators
  5 ironbound thunderhulks
  2 juggernaut skeletons (Crypt:3)
  3 vampire knights
  7 black draconians
  8 green draconians
  A spark wasp (shapeshifter) (Vaults:5)
  Azrael (Orc:2)
  4 bunyips
  3 eleionomae
  A halazid warlock (Desolation)
  5 deep elf demonologists
  6 dire elephants (Vaults:2)
  6 yellow draconians
  11 white draconians
  A minotaur (Gauntlet)
  6 purple draconians
  8 spark wasps
  An iron golem (Depths:2)
  8 deep elf annihilators
  9 deep elf death magi
  7 red draconians
  Josephine (D:11)
  3 blizzard demons
  A mummy priest (Hell)
  11 fire dragons
  A quicksilver dragon zombie (Hell)
  3 deep elf high priests
  6 eidola
  An entropy weaver (shapeshifter) (D:15)
  5 entropy weavers
  4 crystal guardians
  12 ettins
  11 great orbs of eyes
  8 ragged hierophants (Desolation)
  13 yaktaur captains
  8 servants of whispers (Desolation)
  A fenstrider witch zombie (Hell)
  Fannar (Lair:1)
  14 jiangshi
  22 hydras
  7 rakshasas
  A hell beast (Hell)
  A quicksilver dragon skeleton (Hell)
  7 ice dragons
  33 vault guards
  2 catoblepae
  8 peacekeepers
  4 juggernaut simulacra
  Erica (D:9)
  A radroach (Spider:4)
  2 spriggan air magi
  2 jorogumos (Spider:1)
  An ogre mage (Vaults:5)
  5 ironbound frosthearts
  2 death knights (Crypt:2)
  2 ghost crabs
  8 alligators
  4 spriggan skeletons (Crypt:3)
  An azure jelly zombie (Crypt:1)
  25 dancing weapons
  4 centaur warriors
  8 two-headed ogres
  2 fenstrider witch skeletons
  5 boulder beetles
  A satyr (shapeshifter) (Depths:2)
  11 tengu warriors
  5 deep troll shamans
  6 vampire magi
  4 deep troll earth magi
  4 orc high priests
  15 deep elf knights
  6 spriggan berserkers
  Sonja (Orc:2)
  Nergalle (D:11)
  23 hell knights
  9 soul eaters
  A spectral yellow draconian (Zot:1)
  A crystal echidna (Depths:2)
  A salamander mystic (D:11)
  12 sun demons
  2 shadow wraiths (Crypt:3)
  2 goliath frogs
  66 skeletal warriors
  2 sun moths
  A golden dragon zombie (Depths:2)
  A titan skeleton (Crypt:3)
  6 pharaoh ants
  5 glowing orange brains
  5 iron trolls
  2 quicksilver dragon simulacra (Zot:1)
  10 steelbarb worms
  A spriggan druid (Swamp:3)
  2 anaconda zombies
  53 deep trolls
  5 flayed ghosts
  11 deep elf archers
  16 bog bodies
  A spriggan simulacrum (Depths:3)
  9 lindwurms
  A lindwurm (shapeshifter) (Depths:1)
  8 swamp dragons
  13 orb spiders
  2 golden dragon skeletons
  A bunyip skeleton (Crypt:3)
  11 orc knights
  12 phantasmal warriors
  9 wizards
  Pikel (D:4)
  2 orange crystal statues (Hell)
  A tengu zombie (Depths:2)
  5 harpies (Vaults:4)
  25 ironbound convokers
  16 necromancers
  A goliath frog zombie (Crypt:2)
  16 wolf spiders
  A harpy (shapeshifter) (Depths:2)
  22 deep elf pyromancers
  An anaconda skeleton (Hell)
  7 orc sorcerers
  27 deep elf zephyrmancers
  A wolf spider (shapeshifter) (D:15)
  A frost giant zombie (Hell)
  32 ugly things
  3 cyclopes
  4 manticores
  2 salamanders (D:11)
  A naga zombie (Crypt:2)
  A cyclops (shapeshifter) (D:13)
  A stone giant zombie (Hell)
  2 shining eyes
  A sphinx skeleton (Depths:2)
  3 fire giant zombies (Hell)
  An iron dragon zombie (Crypt:2)
  6 will-o-the-wisps
  3 guardian serpents (Desolation)
  A moth of wrath (shapeshifter) (Vaults:5)
  2 iron dragon skeletons
  13 elephants
  A rust devil (Hell)
  21 moths of wrath
  A centaur zombie (Crypt:2)
  An eye of devastation (Slime:3)
  4 black mambas
  An eye of devastation (shapeshifter) (Vaults:5)
  2 molten gargoyles (Hell)
  2 storm dragon simulacra
  14 vault sentinels
  An ice statue (D:14)
  20 cane toads
  4 torpor snails
  A minotaur zombie (Gauntlet)
  12 smoke demons (Hell)
  2 dire elephant skeletons (Crypt:2)
  A white draconian zombie (Crypt:1)
  An efreet (D:14)
  6 rime drakes (Lair:3)
  10 komodo dragons
  A nameless horror (Depths:3)
  28 yaktaurs
  11 demonic crawlers
  3 gargoyles
  2 hellions (Hell)
  6 tengu conjurers
  3 sea snake zombies (Hell)
  6 golden dragon simulacra
  An elf (Vaults:2)
  3 freezing wraiths
  A green draconian zombie (Crypt:2)
  An unseen horror (D:10)
  A tormentor (Crypt:3)
  2 alligator snapping turtle skeletons (Crypt:3)
  4 hydra zombies
  A catoblepas skeleton (Crypt:2)
  An ice devil (Depths:3)
  A spark wasp simulacrum (Depths:2)
  A spectral moth of wrath (Zot:1)
  A guardian mummy (Zot:4)
  6 meliai
  3 polar bears
  A tengu simulacrum (Depths:3)
  19 tyrant leeches
  10 trolls
  A bloated husk (Swamp:4)
  113 slime creatures
  62 saltlings (Desolation)
  13 hornets
  Grinder (D:6)
  2 iron dragon simulacra
  A frost giant simulacrum (Depths:2)
  3 spriggan zombies (Hell)
  20 tarantellas
  19 blink frogs
  A death drake skeleton (Crypt:2)
  3 harpy skeletons (Crypt:3)
  A great orb of eyes zombie (Crypt:1)
  4 ettin zombies
  A stone giant simulacrum (Crypt:2)
  30 flying skulls
  A shadow (D:11)
  8 water elementals
  An air elemental (Elf:2)
  20 culicivoras
  13 wraiths
  A vampire (D:14)
  32 jumping spiders
  8 wyverns
  2 naga simulacra
  6 spriggans
  A human (shapeshifter) (Zot:4)
  35 yaks
  3 hogs (Spider:2)
  11 basilisks
  A basilisk (shapeshifter) (D:13)
  5 fire elementals
  3 chaos spawn (Gauntlet)
  56 redbacks
  4 steam dragons
  A sea snake simulacrum (Hell)
  A neqoxec (Gauntlet)
  8 wargs
  A green draconian simulacrum (Zot:1)
  19 vampire mosquitoes
  A fire bat zombie (Crypt:3)
  13 swamp worms
  A glowing shapeshifter zombie (Hell)
  A harpy simulacrum (Crypt:2)
  Edmund (D:6)
  3 naga skeletons (Crypt:3)
  An acid dragon (D:9)
  18 water moccasins
  A cane toad zombie (Crypt:3)
  2 floating eyes
  A fire bat skeleton (Crypt:3)
  A deep troll skeleton (Crypt:3)
  An entropy weaver zombie (Crypt:2)
  2 moth of wrath simulacra (Zot:1)
  10 swamp drakes (Swamp:4)
  A hornet zombie (Crypt:1)
  An alligator simulacrum (Hell)
  3 hell hounds
  32 orc warriors
  3 ice beasts
  2 black bears
  A black bear (shapeshifter) (Elf:1)
  14 ogres
  28 wolves
  A manticore skeleton (Crypt:1)
  2 lemures (D:4)
  14 centaurs
  9 kobold brigands
  Blork the orc (D:4)
  14 bullfrogs
  A draconian skeleton (Crypt:2)
  11 necrophages
  5 earth elementals (Elf:1)
  A glowing shapeshifter simulacrum (Depths:3)
  6 scorpions
  An elf skeleton (Crypt:3)
  A cyclops zombie (Crypt:2)
  9 wights
  A water moccasin skeleton (Crypt:3)
  18 killer bees
  An electric eel (Spider:4)
  A troll skeleton (Crypt:1)
  4 howler monkeys
  A polar bear skeleton (Crypt:2)
  A crimson imp (Spider:2)
  3 lava snakes (Lair:4)
  2 hounds
  8 jellies
  15 orc priests
  A gnoll bouda (D:4)
  5 centaur skeletons
  A human skeleton (Crypt:3)
  22 orc wizards
  5 iguanas
  16 hell rats
  A hound zombie (Crypt:1)
  2 mummies (Crypt:3)
  8 gnolls
  8 adders
  A river rat (D:3)
  5 white imps
  3 ufetubi
  3 worms
  4 dart slugs
  56 orcs
  9 bats
  6 endoplasms
  4 giant cockroaches
  7 hobgoblins
  6 jackals
  6 quokkas
  7 ball pythons
  An endoplasm zombie (Crypt:3)
  7 frilled lizards
  6 goblins
  A jackal skeleton (Crypt:1)
  34 kobolds
  13 rats
  A river rat skeleton (Crypt:2)
  10 briar patches (Swamp:4)
  12 demonic plants (Gauntlet)
  25 foxfires
  51 fungi
  3 pillars of salt (Elf:2)
  125 plants
  A withered plant (Desolation)
2801 creatures vanquished.

Notes
Turn   | Place    | Note
-------+----------+-------------------------------------------
     0 | D:1      | jfcaron the Gnoll Hexslinger began the quest for the Orb.
     0 | D:1      | Reached XP level 1. HP: 17/17 MP: 4/4
   158 | D:1      | Reached XP level 2. HP: 23/23 MP: 5/5
   379 | D:1      | Reached XP level 3. HP: 28/28 MP: 7/7
   809 | D:2      | Reached skill level 1 in Invocations
   898 | D:2      | Found a broken altar of Ashenzari.
   903 | D:2      | Reached skill level 1 in Short Blades
   903 | D:2      | Reached skill level 1 in Long Blades
   903 | D:2      | Reached skill level 1 in Axes
   903 | D:2      | Reached skill level 1 in Maces & Flails
   903 | D:2      | Reached skill level 1 in Polearms
   903 | D:2      | Reached skill level 1 in Staves
   903 | D:2      | Reached skill level 1 in Throwing
   903 | D:2      | Reached skill level 1 in Armour
   903 | D:2      | Reached skill level 1 in Stealth
   903 | D:2      | Reached skill level 1 in Shields
   903 | D:2      | Reached skill level 1 in Unarmed Combat
   903 | D:2      | Reached skill level 1 in Evocations
   912 | D:2      | Became a worshipper of Ashenzari the Shackled
   932 | D:2      | Found a faded altar of an unknown god.
  1045 | D:2      | Reached XP level 4. HP: 34/34 MP: 8/8
  1407 | D:2      | Found Daom's Armour Shop.
  1452 | D:2      | Reached skill level 1 in Conjurations
  1452 | D:2      | Reached skill level 1 in Summonings
  1452 | D:2      | Reached skill level 1 in Necromancy
  1452 | D:2      | Reached skill level 1 in Translocations
  1452 | D:2      | Reached skill level 1 in Transmutations
  1452 | D:2      | Reached skill level 1 in Fire Magic
  1452 | D:2      | Reached skill level 1 in Ice Magic
  1452 | D:2      | Reached skill level 1 in Air Magic
  1452 | D:2      | Reached skill level 1 in Earth Magic
  1452 | D:2      | Reached skill level 1 in Poison Magic
  1677 | D:3      | Found a glowing drain.
  1693 | Sewer    | Entered a sewer
  1720 | Sewer    | Reached XP level 5. HP: 40/40 MP: 9/9
  1736 | Sewer    | Noticed a water moccasin
  1741 | Sewer    | Learned a level 1 spell: Summon Small Mammal
  1995 | Sewer    | Killed a water moccasin
  2129 | D:3      | Reached XP level 6. HP: 47/47 MP: 11/11
  2292 | D:3      | Found a white marble altar of Elyvilon.
  2332 | D:2      | Bought a +1 helmet of intelligence for 214 gold pieces
  2338 | D:2      | Reached * piety under Ashenzari
  2379 | D:3      | Learned a level 1 spell: Apportation
  2381 | D:3      | Learned a level 1 spell: Necrotise
  2761 | D:4      | Reached ** piety under Ashenzari
  2783 | D:4      | Noticed Pikel
  2789 | D:4      | Killed Pikel
  2790 | D:4      | Reached skill level 2 in Polearms
  2790 | D:4      | Reached skill level 5 in Ranged Weapons
  2790 | D:4      | Reached skill level 5 in Dodging
  2790 | D:4      | Reached XP level 7. HP: 23/53 MP: 11/13
  3145 | D:4      | Reached skill level 3 in Polearms
  3145 | D:4      | Reached XP level 8. HP: 60/60 MP: 9/14
  3150 | D:4      | Learned a level 2 spell: Poisonous Vapours
  3154 | D:4      | Learned a level 3 spell: Mephitic Cloud
  3158 | D:4      | Learned a level 3 spell: Ignite Poison
  3355 | D:4      | Identified a scroll of acquirement
  3366 | D:4      | Acquired 579 gold pieces
  3373 | D:4      | Found a stormy altar of Qazlal.
  3388 | D:4      | Found a blossoming altar of Fedhas.
  3422 | D:4      | Found a faded altar of an unknown god.
  3422 | D:4      | Noticed Blork the orc
  3435 | D:4      | Killed Blork the orc
  3437 | D:4      | Found a hazy altar of Hepliaklqana.
  3608 | D:4      | Found a staircase to the Ecumenical Temple.
  3850 | D:4      | Found a sacrificial altar of Ru.
  4004 | D:5      | Entered Level 5 of the Dungeon
  4094 | D:5      | Reached skill level 4 in Polearms
  4793 | D:6      | Reached XP level 9. HP: 66/66 MP: 16/16
  4828 | D:6      | Noticed Edmund
  4841 | D:6      | Killed Edmund
  4842 | D:6      | Reached skill level 5 in Spellcasting
  4877 | D:6      | Reached skill level 5 in Fighting
  4941 | D:6      | Reached skill level 5 in Polearms
  5282 | D:6      | Reached *** piety under Ashenzari
  5649 | D:6      | Noticed Grinder
  5650 | D:6      | Paralysed by Grinder for 2 turns
  5663 | D:6      | Killed Grinder
  5664 | D:6      | Reached skill level 5 in Invocations
  6254 | D:7      | Reached skill level 6 in Polearms
  6378 | D:7      | Reached skill level 5 in Short Blades
  6378 | D:7      | Reached skill level 5 in Long Blades
  6378 | D:7      | Reached skill level 5 in Axes
  6378 | D:7      | Reached skill level 5 in Maces & Flails
  6378 | D:7      | Reached skill level 5 in Staves
  6378 | D:7      | Reached skill level 5 in Throwing
  6378 | D:7      | Reached skill level 5 in Armour
  6378 | D:7      | Reached skill level 5 in Stealth
  6378 | D:7      | Reached skill level 5 in Shields
  6378 | D:7      | Reached skill level 5 in Unarmed Combat
  6378 | D:7      | Reached skill level 5 in Evocations
  6378 | D:7      | Reached XP level 10. HP: 58/76 MP: 12/18
  7070 | D:8      | Reached skill level 8 in Polearms
  7070 | D:8      | Reached skill level 5 in Conjurations
  7070 | D:8      | Reached skill level 5 in Summonings
  7070 | D:8      | Reached skill level 5 in Necromancy
  7070 | D:8      | Reached skill level 5 in Translocations
  7070 | D:8      | Reached skill level 5 in Transmutations
  7070 | D:8      | Reached skill level 5 in Fire Magic
  7070 | D:8      | Reached skill level 5 in Ice Magic
  7070 | D:8      | Reached skill level 5 in Air Magic
  7070 | D:8      | Reached skill level 5 in Earth Magic
  7070 | D:8      | Reached skill level 5 in Poison Magic
  7070 | D:8      | Reached XP level 11. HP: 84/84 MP: 19/21
  7644 | D:8      | Found a bloodstained altar of Trog.
  7993 | D:9      | Reached skill level 9 in Polearms
  8223 | D:9      | Learned a level 4 spell: Sticky Flame
  8252 | D:9      | Noticed Erica
  8396 | D:9      | Killed Erica
  8655 | D:9      | Found a staircase to the Lair.
  9007 | D:9      | Found a hide-covered altar of Uskayaw.
  9525 | D:9      | Learned a level 4 spell: Dispel Undead
  9561 | D:10     | Entered Level 10 of the Dungeon
  9664 | D:10     | Found an ancient bone altar of Kikubaaqudgha.
  9915 | D:10     | Found a portal to a secret trove of treasure.
  9975 | D:10     | Found a shimmering blue altar of Sif Muna.
  9975 | D:10     | Found a glowing silver altar of Zin.
 10003 | D:10     | Reached XP level 12. HP: 45/92 MP: 13/23
 10244 | D:10     | Identified the +2 shortbow "Xaobrial" {drain, Int+3 Dex+4
                  | Stlth+}
 10320 | D:10     | Found a staircase to the Orcish Mines.
 10441 | D:10     | Noticed a two-headed ogre
 10465 | D:10     | Reached skill level 10 in Polearms
 10475 | D:10     | Killed a two-headed ogre
 10586 | D:10     | Reached **** piety under Ashenzari
 10946 | Lair:1   | Entered Level 1 of the Lair of Beasts
 11093 | Lair:1   | Learned a level 5 spell: Freezing Cloud
 11181 | Lair:1   | Identified the +0 buckler "Ippag" {rElec rPois rC++ Will-}
 11785 | Lair:1   | Noticed Fannar
 11822 | Lair:1   | Killed Fannar
 12189 | Lair:2   | Found a hole to the Spider Nest.
 12367 | Lair:2   | Learned a level 5 spell: Lee's Rapid Deconstruction
 12676 | Lair:2   | Noticed an eight-headed hydra
 12683 | Lair:2   | Killed an eight-headed hydra
 12696 | Lair:2   | Reached skill level 11 in Polearms
 12843 | Lair:2   | Found a staircase to the Swamp.
 12901 | Lair:2   | Identified the +1 ring mail of Fun and Games {*Slow Int+9
                  | Dex+5 Slay+2}
 13536 | Lair:3   | Reached XP level 13. HP: 90/104 MP: 21/27
 14962 | Lair:4   | Reached skill level 10 in Ranged Weapons
 14962 | Lair:4   | Reached skill level 10 in Dodging
 15394 | Lair:4   | Reached skill level 12 in Polearms
 15669 | Lair:4   | Found a viscous altar of Jiyva.
 15677 | Lair:4   | Found a staircase to the Slime Pits.
 16055 | Lair:4   | Found a runed translucent door.
 16330 | Lair:4   | Identified the +5 whip of Fontim {vamp, Dex+2}
 16406 | Lair:5   | Entered Level 5 of the Lair of Beasts
 16417 | Lair:4   | Reached skill level 10 in Invocations
 16421 | Lair:4   | HP: 20/105 [cane toad (15)]
 16426 | Lair:4   | HP: 16/107 [poisoned by a cane toad]
 16699 | Lair:4   | Reached XP level 14. HP: 35/116 MP: 9/30
 17841 | Lair:5   | Reached skill level 10 in Spellcasting
 18135 | Lair:5   | Reached skill level 10 in Fighting
 18353 | Lair:5   | Reached skill level 13 in Polearms
 19065 | Lair:5   | Acquired the +10 demon whip of the Stained God {drain, Fly
                  | rCorr}
 19151 | Lair:5   | Learned a level 6 spell: Statue Form
 19163 | Lair:5   | Acquired a ring of Yddorin {rC+ Will+}
 19323 | Orc:1    | Entered Level 1 of the Orcish Mines
 19376 | Orc:1    | Identified the cursed +2 pair of boots of the Perceptive
                  | Dismay {Comp, Range} (You found it on level 8 of the
                  | Dungeon)
 19721 | Orc:1    | Found a bloodstained altar of Trog.
 20006 | Orc:2    | Entered Level 2 of the Orcish Mines
 20006 | Orc:2    | Noticed Azrael
 20011 | Orc:2    | Reached skill level 10 in Hexes
 20014 | Orc:2    | Killed Azrael
 20105 | Orc:2    | Noticed an orc warlord
 20125 | Orc:1    | Reached skill level 10 in Short Blades
 20125 | Orc:1    | Reached skill level 10 in Long Blades
 20125 | Orc:1    | Reached skill level 10 in Axes
 20125 | Orc:1    | Reached skill level 10 in Maces & Flails
 20125 | Orc:1    | Reached skill level 10 in Staves
 20125 | Orc:1    | Reached skill level 10 in Throwing
 20125 | Orc:1    | Reached skill level 10 in Armour
 20125 | Orc:1    | Reached skill level 10 in Stealth
 20125 | Orc:1    | Reached skill level 10 in Shields
 20125 | Orc:1    | Reached skill level 10 in Unarmed Combat
 20125 | Orc:1    | Reached skill level 10 in Evocations
 20226 | Orc:2    | Killed an orc warlord
 20307 | Orc:2    | Found Alail's Book Emporium.
 20408 | Orc:2    | Found Vyifyten's Antique Armour Boutique.
 20444 | Orc:2    | Bought a pair of bloodstained boots for 247 gold pieces
 20444 | Orc:2    | Identified the +1 pair of boots of Calculation {Dex+4} (You
                  | bought it in a shop on level 2 of the Orcish Mines)
 20586 | Orc:2    | Found Gerorur's General Store.
 20592 | Orc:2    | Reached XP level 15. HP: 125/125 MP: 22/32
 20592 | Orc:2    | Noticed Sonja
 20599 | Orc:2    | Killed Sonja
 20687 | Orc:2    | Found a staircase to the Elven Halls.
 20727 | Orc:2    | Bought a +0 pair of gloves for 81 gold pieces
 20776 | Orc:2    | Found Efesiurch's Antique Weapon Emporium.
 20966 | Orc:2    | Bought a crude leather armour for 182 gold pieces
 20966 | Orc:2    | Identified the +1 leather armour "Betunus" {rF+ rC+ Dex+3}
                  | (You bought it in a shop on level 2 of the Orcish Mines)
 20969 | Orc:2    | Bought a glowing helmet for 195 gold pieces
 20996 | Orc:2    | Bought a box of beasts for 720 gold pieces
 20996 | Orc:2    | Bought 5 stones for 9 gold pieces
 21242 | Lair:4   | Found a runed translucent gate.
 21242 | Lair:4   | Found a runed translucent gate.
 21242 | Lair:4   | Found a runed translucent gate.
 21242 | Lair:4   | Found a runed translucent gate.
 21242 | Lair:4   | Found a runed translucent gate.
 21242 | Lair:4   | Found a runed translucent gate.
 21408 | Lair:4   | Upgraded the game from 0.30-a0-462-gd5975efbca to
                  | 0.30-a0-465-g8901f6c8b5
 21408 | Lair:4   | Upgraded the game from 0.30-a0-465-g8901f6c8b5 to
                  | 0.30-a0-469-g84de5afbc5
 21622 | D:11     | Reached skill level 14 in Polearms
 21946 | D:11     | Noticed Josephine
 21951 | D:11     | Killed Josephine
 22296 | D:11     | Noticed Nergalle
 22302 | D:11     | Killed Nergalle
 22371 | D:11     | Found Neadolor's Magic Scroll Shop.
 22440 | D:11     | Bought a scroll of acquirement for 624 gold pieces
 22451 | D:11     | Acquired the +3 pair of gauntlets of War {Slay+5}
 22451 | D:11     | Found the +3 pair of gauntlets of War {Slay+5}
 22523 | D:11     | Bought a scroll of blinking for 90 gold pieces
 22523 | D:11     | Bought a scroll of blinking for 90 gold pieces
 22523 | D:11     | Bought a scroll of teleportation for 36 gold pieces
 22709 | D:11     | Found the +3 salamander hide armour {Flames rF++ rC--}
 23118 | D:12     | Learned a level 4 spell: Olgreb's Toxic Radiance
 25068 | D:14     | Reached ***** piety under Ashenzari
 25346 | D:14     | Reached XP level 16. HP: 137/137 MP: 22/35
 25652 | D:14     | Found a gate to the Vaults.
 25858 | D:15     | Entered Level 15 of the Dungeon
 25870 | D:15     | Reached skill level 15 in Polearms
 25907 | D:15     | Found a gate leading to a gauntlet.
 25923 | Gauntlet | Entered a Gauntlet
 25923 | Gauntlet | Found a transporter.
 25923 | Gauntlet | Found a large runed translucent door.
 25923 | Gauntlet | Found a large runed translucent door.
 25923 | Gauntlet | Found a large runed translucent door.
 25923 | Gauntlet | Found a large runed translucent door.
 25923 | Gauntlet | Found a runed translucent door.
 25923 | Gauntlet | Found a runed translucent door.
 25923 | Gauntlet | Found a large runed translucent door.
 25923 | Gauntlet | Found a large runed translucent door.
 25923 | Gauntlet | Found a large runed translucent door.
 25923 | Gauntlet | Found a large runed translucent door.
 25923 | Gauntlet | Found a large runed translucent door.
 25923 | Gauntlet | Found a large runed translucent door.
 25944 | Gauntlet | Found a large runed translucent door.
 25944 | Gauntlet | Found a large runed translucent door.
 25992 | Gauntlet | Found a transporter.
 26003 | Gauntlet | Found a transporter.
 26008 | Gauntlet | Found a transporter.
 26028 | Gauntlet | Identified the +2 cloak of the Depths {rPois}
 26030 | Gauntlet | Found a transporter.
 26044 | Gauntlet | Found a transporter.
 26062 | Gauntlet | Found a transporter.
 26064 | Gauntlet | Identified a ring "Noput" {rC- Will+ Str+5}
 26074 | Gauntlet | Identified the +1 cloak "Zumnuwka" {-Cast rPois rF++ Str+4}
 26075 | Gauntlet | Found a transporter.
 26087 | Gauntlet | Found a transporter.
 26091 | Gauntlet | Identified the ring "Mufoycin" {Fire rN+++ Str+4 Int-5}
 26099 | Gauntlet | Found a transporter.
 26117 | Gauntlet | Found a transporter.
 26134 | Gauntlet | Found a transporter.
 26136 | Gauntlet | Found a transporter.
 26140 | Gauntlet | Identified the +7 triple crossbow of Burnt Guile {freeze,
                  | Stlth+}
 26155 | Gauntlet | Found a large runed translucent door.
 26156 | Gauntlet | Found a large runed translucent door.
 26160 | Gauntlet | Found a runed translucent gate.
 26160 | Gauntlet | Found a runed translucent gate.
 26160 | Gauntlet | Found a runed translucent gate.
 26162 | Gauntlet | Found a transporter.
 26164 | Gauntlet | Found a transporter.
 26166 | Gauntlet | Found a transporter.
 26178 | Gauntlet | Found a large runed translucent door.
 26179 | Gauntlet | Found a large runed translucent door.
 26192 | Gauntlet | Found a transporter.
 26194 | Gauntlet | Found a transporter.
 26392 | Gauntlet | Identified the +0 plate armour of Broken Taboos {Fly Will-
                  | Regen+}
 27080 | D:15     | Found a staircase to the Depths.
 27163 | D:15     | Upgraded the game from 0.30-a0-469-g84de5afbc5 to
                  | 0.30-a0-475-g03497ec522
 27341 | Spider:1 | Entered Level 1 of the Spider Nest
 27611 | Spider:1 | Acquired the ring "Zecysch" {rElec rPois rF++ rCorr}
 27617 | Spider:1 | Acquired 1097 gold pieces
 28443 | Spider:1 | Reached XP level 17. HP: 142/142 MP: 21/36
 28812 | Spider:2 | Reached skill level 16 in Polearms
 28812 | Spider:2 | Reached skill level 10 in Conjurations
 28812 | Spider:2 | Reached skill level 10 in Summonings
 28812 | Spider:2 | Reached skill level 10 in Necromancy
 28812 | Spider:2 | Reached skill level 10 in Translocations
 28812 | Spider:2 | Reached skill level 10 in Transmutations
 28812 | Spider:2 | Reached skill level 10 in Fire Magic
 28812 | Spider:2 | Reached skill level 10 in Ice Magic
 28812 | Spider:2 | Reached skill level 10 in Air Magic
 28812 | Spider:2 | Reached skill level 10 in Earth Magic
 28812 | Spider:2 | Reached skill level 10 in Poison Magic
 28862 | Spider:2 | Noticed Arachne
 28943 | Spider:2 | Killed Arachne
 28958 | Spider:2 | Noticed Nikola
 28964 | Spider:2 | Killed Nikola
 28969 | Spider:2 | Noticed Kirke
 28978 | Spider:2 | Killed Kirke
 30325 | Spider:3 | Learned a level 5 spell: Borgnjor's Vile Clutch
 30524 | Lair:4   | Learned a level 6 spell: Death Channel
 31082 | Spider:4 | Entered Level 4 of the Spider Nest
 32523 | Swamp:1  | Entered Level 1 of the Swamp
 33377 | Swamp:1  | Reached XP level 18. HP: 155/155 MP: 34/39
 33505 | Swamp:1  | Reached skill level 17 in Polearms
 35406 | Swamp:4  | Entered Level 4 of the Swamp
 36800 | Swamp:4  | Got a decaying rune of Zot
 37526 | Swamp:4  | Upgraded the game from 0.30-a0-475-g03497ec522 to
                  | 0.30-a0-476-g330ca2eb8e
 38364 | Spider:4 | Reached XP level 19. HP: 159/159 MP: 0/39
 38366 | Spider:4 | Reached skill level 18 in Polearms
 38392 | Spider:4 | Got a gossamer rune of Zot
 38845 | Elf:1    | Entered Level 1 of the Elven Halls
 39442 | Elf:1    | Noticed Jorgrun
 39451 | Elf:1    | Killed Jorgrun
 40008 | Elf:1    | Identified the +0 robe of Ru's Esteem {Rampage}
 40819 | Elf:2    | Found a crumbling gateway.
 40828 | Elf:2    | Paralysed by an air elemental for 1 turns
 40868 | Desolati | Entered the Desolation of Salt
 41022 | Desolati | Identified the Atlas of Petrous Accomplices
 41373 | Desolati | Identified the Almanac of Turbulent Creation
 41374 | Desolati | Identified the +3 chain mail of the Orange Skies {Fly
                  | Will+}
 41419 | Desolati | Learned a level 7 spell: Spellforged Servitor
 41479 | Desolati | Identified the ring "Tic Jon" {Drain rF+ rN+ Will+ Str+4}
 41511 | Desolati | Reached skill level 15 in Invocations
 41676 | Desolati | Identified the +0 leather armour of Xewunit {rPois rC+}
 41708 | Desolati | Reached XP level 20. HP: 159/172 MP: 12/42
 41949 | Desolati | Reached skill level 19 in Polearms
 42157 | Desolati | Identified Ijaufoh's Codex of Entrancing Conjuration
 42771 | Elf:2    | Found a runed translucent gate.
 42771 | Elf:2    | Found a runed translucent gate.
 42771 | Elf:2    | Found a runed translucent gate.
 43626 | Elf:3    | Entered Level 3 of the Elven Halls
 43802 | Elf:3    | Reached skill level 15 in Ranged Weapons
 43802 | Elf:3    | Reached skill level 15 in Dodging
 44028 | Elf:3    | Identified the +0 leather armour of Moral Flaws {Will++}
 44028 | Elf:3    | Identified the ring "Viduir" {MP+9 Dex+4}
 45070 | Elf:3    | Identified the +1 robe "Eniug" {rPois rC+++ Int-3 Stlth+}
 45221 | Elf:3    | Identified the +9 quarterstaff "Vuwecogh" {elec, Fragile
                  | rElec Int+4}
 45353 | Elf:3    | Identified the +0 cloak of Bequeathed Wonder {rC+}
 45353 | Elf:3    | Identified the +1 helmet of Nuraq {rN++ Will- Str+2 Dex-4}
 45354 | Elf:3    | Identified the +9 falchion of the Sea {vamp, rElec Stlth+}
 45354 | Elf:3    | Identified Sif Muna's Octavo of Transfiguration
 45858 | D:12     | Upgraded the game from 0.30-a0-476-g330ca2eb8e to
                  | 0.30-a0-509-gd016549fea
 45928 | Vaults:1 | Entered Level 1 of the Vaults
 46229 | Vaults:1 | Reached XP level 21. HP: 148/180 MP: 25/44
 46592 | Vaults:1 | Reached ****** piety under Ashenzari
 46602 | Vaults:1 | Learned a level 8 spell: Ignition
 47521 | Vaults:2 | Reached skill level 15 in Spellcasting
 47534 | Vaults:2 | Reached skill level 20 in Polearms
 47549 | Vaults:2 | Reached skill level 15 in Fighting
 48023 | Vaults:2 | Noticed Margery
 48040 | Vaults:2 | Killed Margery
 48303 | Vaults:2 | Found a staircase to the Crypt.
 48702 | Vaults:2 | Reached skill level 15 in Short Blades
 48702 | Vaults:2 | Reached skill level 15 in Long Blades
 48702 | Vaults:2 | Reached skill level 15 in Axes
 48702 | Vaults:2 | Reached skill level 15 in Maces & Flails
 48702 | Vaults:2 | Reached skill level 15 in Staves
 48702 | Vaults:2 | Reached skill level 15 in Throwing
 48702 | Vaults:2 | Reached skill level 15 in Armour
 48702 | Vaults:2 | Reached skill level 15 in Stealth
 48702 | Vaults:2 | Reached skill level 15 in Shields
 48702 | Vaults:2 | Reached skill level 15 in Unarmed Combat
 48702 | Vaults:2 | Reached skill level 15 in Evocations
 49259 | Vaults:3 | Found Tomieph Funu's Antique Armour Emporium.
 49680 | Vaults:3 | Noticed Xtahua
 49688 | Vaults:3 | Killed Xtahua
 50866 | Vaults:4 | Reached XP level 22. HP: 198/198 MP: 48/48
 51972 | Vaults:4 | Identified the +0 scale mail of Makhleb's Anger {Str+4
                  | Dex+4 SInv}
 52173 | Crypt:1  | Entered Level 1 of the Crypt
 52262 | Crypt:1  | Reached skill level 21 in Polearms
 53487 | Crypt:1  | Found a basalt altar of Yredelemnul.
 53820 | Crypt:2  | Identified the +5 quarterstaff "Besib" {antimagic, rF++
                  | rCorr Stlth-}
 54168 | Crypt:2  | Noticed an ancient lich
 54169 | Crypt:2  | Noticed an ancient lich
 54180 | Crypt:2  | Killed an ancient lich
 54181 | Crypt:2  | Reached XP level 23. HP: 203/203 MP: 24/49
 54182 | Crypt:2  | Noticed a dread lich
 54184 | Crypt:2  | Killed an ancient lich
 54196 | Crypt:2  | Killed a dread lich
 54585 | Crypt:3  | Entered Level 3 of the Crypt
 54666 | Crypt:3  | Noticed Grunn
 54785 | Crypt:3  | Killed Grunn
 55049 | Crypt:3  | Reached skill level 22 in Polearms
 55243 | Crypt:3  | Noticed Khufu
 55273 | Crypt:3  | Noticed a royal mummy
 55354 | Crypt:3  | Found a staircase to the Tomb.
 55408 | Crypt:3  | Noticed Jory
 55431 | Crypt:3  | Killed Jory
 55633 | Crypt:3  | Found an ancient bone altar of Kikubaaqudgha.
 55687 | Crypt:3  | Noticed a dread lich
 55704 | Crypt:3  | Killed a dread lich
 55841 | Crypt:3  | Found the +4 dagger "Morg" {pain, Will+ Int+5}
 55841 | Crypt:3  | Identified the +4 ring mail of Parlour Games {Harm rF++
                  | rC+}
 55842 | Crypt:3  | Identified the Handbook of Frostbite
 55842 | Crypt:3  | Identified the amulet of Paisekam {rF+ Regen+ Str+4 Dex+4
                  | SInv}
 55842 | Crypt:3  | Identified the ring "Ofafidat" {rC+ rN+ Int+3}
 56643 | Crypt:3  | Reached skill level 15 in Hexes
 57246 | Crypt:3  | Killed Khufu
 57247 | Crypt:3  | Reached XP level 24. HP: 208/208 MP: 10/48
 57250 | Crypt:3  | Killed a royal mummy
 57586 | Depths:1 | Entered Level 1 of the Depths
 57944 | Depths:1 | Noticed Saint Roka
 57960 | Depths:1 | Killed Saint Roka
 58162 | Depths:1 | Noticed Bai Suzhen
 58181 | Depths:1 | Killed Bai Suzhen
 58277 | Depths:1 | Found a snail-covered altar of Cheibriados.
 58453 | Depths:1 | Found a gateway to Hell.
 58825 | Depths:2 | Noticed Aizul
 58837 | Depths:1 | Killed Aizul
 59202 | Depths:2 | Found a one-way gate leading to the halls of Pandemonium.
 59496 | Depths:2 | Found a one-way gateway to a ziggurat.
 59665 | Depths:2 | Identified the +2 falchion "Ynaess" {spect, Str+2}
 60249 | Depths:2 | Reached skill level 23 in Polearms
 60518 | Depths:2 | Reached XP level 25. HP: 219/219 MP: 32/49
 60655 | Depths:2 | Identified the Lessons on Necromancy and Silt
 61156 | Depths:3 | Noticed Frederick
 61164 | Depths:3 | Killed Frederick
 61231 | Depths:3 | Found a runed translucent gate.
 61231 | Depths:3 | Found a runed translucent gate.
 61231 | Depths:3 | Found a runed translucent gate.
 61387 | Depths:3 | Found a one-way gate to the infinite horrors of the Abyss.
 61404 | Depths:3 | Identified the ring "Zobyfaan" {Fire Str-5 Dex+5}
 61742 | Depths:3 | Noticed lotum's ghost (adept HOBe)
 62177 | Depths:3 | Identified the +0 pair of gloves "Bufypoda" {Rampage rN+
                  | Int-3}
 62294 | Depths:3 | Killed lotum's ghost
 63061 | Depths:4 | Entered Level 4 of the Depths
 63830 | Lair:4   | Learned a level 9 spell: Shatter
 64065 | D:11     | Bought a scroll of magic mapping for 90 gold pieces
 64065 | D:11     | Bought a scroll of poison for 48 gold pieces
 64264 | Depths:3 | Reached skill level 15 in Conjurations
 64264 | Depths:3 | Reached skill level 15 in Summonings
 64264 | Depths:3 | Reached skill level 15 in Necromancy
 64264 | Depths:3 | Reached skill level 15 in Translocations
 64264 | Depths:3 | Reached skill level 15 in Transmutations
 64264 | Depths:3 | Reached skill level 15 in Fire Magic
 64264 | Depths:3 | Reached skill level 15 in Ice Magic
 64264 | Depths:3 | Reached skill level 15 in Air Magic
 64264 | Depths:3 | Reached skill level 15 in Earth Magic
 64264 | Depths:3 | Reached skill level 15 in Poison Magic
 65336 | Depths:4 | Found a gate to the Realm of Zot.
 65931 | Vaults:5 | Entered Level 5 of the Vaults
 65934 | Vaults:5 | Reached skill level 24 in Polearms
 65973 | Vaults:5 | Identified a ring "Vigey" {Will+ Int+3}
 66008 | Vaults:5 | Reached XP level 26. HP: 228/228 MP: 26/50
 66025 | Vaults:5 | Got a silver rune of Zot
 66260 | Vaults:5 | Identified the +2 cloak of the Trout {Rampage Will+ rCorr}
 66439 | Vaults:5 | Acquired a book of Weapons
 66464 | Vaults:5 | Identified the +0 falchion of Beogh's Condemnation {freeze,
                  | rPois rC+ MP+9 Dex-5}
 66468 | Vaults:5 | Noticed Boris
 66476 | Vaults:5 | Killed Boris
 66740 | Vaults:5 | Identified the +10 dagger "Loefot" {flame, rC+ Int+4 SInv}
 66842 | Vaults:5 | Found Tuat's Weapon Shoppe.
 66857 | Vaults:5 | Bought 5 stones for 9 gold pieces
 66857 | Vaults:5 | Bought 7 stones for 13 gold pieces
 66857 | Vaults:5 | Bought 2 silver boomerangs for 57 gold pieces
 66902 | Vaults:5 | Identified the +6 shortbow of the Wasp {freeze, Int+2}
 67295 | Vaults:5 | Found Mimitoew's Distillery.
 67307 | Vaults:5 | Bought 2 potions of haste for 280 gold pieces
 67307 | Vaults:5 | Bought a potion of curing for 42 gold pieces
 67307 | Vaults:5 | Bought a potion of brilliance for 56 gold pieces
 67307 | Vaults:5 | Bought a potion of ambrosia for 112 gold pieces
 67307 | Vaults:5 | Bought a potion of invisibility for 112 gold pieces
 67307 | Vaults:5 | Bought a potion of invisibility for 112 gold pieces
 67307 | Vaults:5 | Bought a potion of invisibility for 112 gold pieces
 68060 | Slime:1  | Entered Level 1 of the Pits of Slime
 68061 | Slime:1  | Gained mutation: You occasionally shout uncontrollably at
                  | your foes. [a shining eye]
 68331 | Slime:5  | Entered Level 5 of the Pits of Slime
 68341 | Slime:5  | Identified the +1 falchion "Oqirott" {distort, rF- Str+5}
 68341 | Slime:5  | Noticed the Royal Jelly
 68343 | Slime:5  | Found a viscous altar of Jiyva.
 68344 | Slime:5  | Identified the +9 rapier "Sicedif" {flame, rC+ Str+6 SInv}
 68345 | Slime:5  | Identified the +2 ring mail of the Sturgeon {Harm SInv}
 68352 | Slime:5  | Killed the Royal Jelly
 68482 | Slime:5  | Identified the +3 great sword of Poverty {drain, rElec
                  | Dex+6}
 68505 | Slime:5  | Found the +5 demon whip "Spellbinder" {antimagic, Will+}
 68512 | Slime:5  | Identified the ring of Rajenac {Wiz rC++ Str+2 Slay-3}
 68557 | Slime:5  | Got a slimy rune of Zot
 68998 | D:10     | You paid a toll of 5 scrolls of fear to enter a treasure
                  | trove
 68999 | Trove    | Entered a treasure trove
 69001 | Trove    | Identified the +4 long sword "Xoribb" {elec, Str+3}
 69001 | Trove    | Identified the +6 trident of a ziggurat {holy, Str+3 Dex+2}
 69002 | Trove    | Identified the +7 glaive "Vexed" {vorpal, rElec Will+ Int+4
                  | SInv}
 69002 | Trove    | Identified the +10 great sword of Causality {vorpal, rC+
                  | Str+3}
 69319 | Hell     | Entered the Vestibule of Hell
 69319 | Hell     | Noticed Geryon
 69500 | Hell     | Killed Geryon
 69657 | Hell     | Reached XP level 27. HP: 227/227 MP: 36/47
 69668 | Hell     | Found a gateway to the ashen valley of Gehenna.
 69808 | Hell     | Found a gateway to the Iron City of Dis.
 69892 | Hell     | Found a gateway to the freezing wastes of Cocytus.
 70020 | Hell     | Found a gateway to the decaying netherworld of Tartarus.
 70311 | Zot:1    | Entered Level 1 of the Realm of Zot
 70327 | Zot:1    | Found a huge runed gate.
 70327 | Zot:1    | Found a huge runed gate.
 70328 | Zot:1    | Found a huge runed gate.
 70328 | Zot:1    | Found a huge runed gate.
 70445 | Zot:4    | Noticed an orb of fire
 70461 | Zot:4    | Killed an orb of fire
 70626 | Zot:1    | Found a huge runed gate.
 70829 | Vaults:1 | Learned a level 8 spell: Lehudib's Crystal Spear
 71906 | Zot:5    | Entered Level 5 of the Realm of Zot
 72341 | Vaults:5 | Bought a potion of mutation for 112 gold pieces
 72341 | Vaults:5 | Bought 2 potions of flight for 84 gold pieces
 73759 | Orc:2    | Bought a book of Alchemy for 420 gold pieces
 73759 | Orc:2    | Bought a book of Lightning for 570 gold pieces
 73759 | Orc:2    | Bought Ozocubu's Autobiography for 360 gold pieces
 73759 | Orc:2    | Bought the Handbook of the Retinue and Air for 480 gold
                  | pieces
 74778 | Zot:4    | Noticed a dread lich
 74786 | Zot:4    | Killed a dread lich
 75419 | Zot:4    | Identified the +1 cloak "Unkycoise" {Harm rElec Dex-4 SInv}
 75574 | Zot:4    | Noticed a dread lich
 75575 | Zot:4    | Banished a dread lich
 75853 | Zot:4    | Reached skill level 25 in Polearms
 78091 | Zot:2    | Identified the +0 pair of gloves of the Abyss {rN++ Will-}
 78381 | Zot:2    | Identified the ring of Roex {Ice rPois Int-2 Dex+5}
 78508 | Zot:1    | Found a huge runed gate.
 78508 | Zot:1    | Found a huge runed gate.
 78508 | Zot:1    | Found a huge runed gate.
 78509 | Zot:1    | Found a huge runed gate.
 78509 | Zot:1    | Found a huge runed gate.
 78510 | Zot:1    | Found a huge runed gate.
 78510 | Zot:1    | Found a huge runed gate.
 78513 | Zot:1    | Found a huge runed gate.
 78516 | Zot:1    | Found a huge runed gate.
 78598 | Zot:1    | Found a huge runed gate.
 78616 | Zot:1    | Found a huge runed gate.
 78616 | Zot:1    | Found a huge runed gate.
 78616 | Zot:1    | Found a huge runed gate.
 78616 | Zot:1    | Found a huge runed gate.
 78616 | Zot:1    | Found a huge runed gate.
 78617 | Zot:1    | Found a huge runed gate.
 78624 | Zot:1    | Found a huge runed gate.
 78625 | Zot:1    | Found a huge runed gate.
 78626 | Zot:1    | Found a huge runed gate.
 78640 | Zot:1    | Found a huge runed gate.
 78641 | Zot:1    | Found a huge runed gate.
 78642 | Zot:1    | Found a huge runed gate.
 78643 | Zot:1    | Found a huge runed gate.
 78644 | Zot:1    | Found a huge runed gate.
 78645 | Zot:1    | Found a huge runed gate.
 78646 | Zot:1    | Found a huge runed gate.
 78647 | Zot:1    | Found a huge runed gate.
 78649 | Zot:1    | Found a huge runed gate.
 78782 | Zot:1    | Found a runed translucent gate.
 78786 | Zot:1    | Found a runed translucent gate.
 78788 | Zot:1    | Identified the +3 rapier of Wiasch {holy, *Rage rC+ Str+4
                  | Int+3}
 78788 | Zot:1    | Identified the +1 helmet of Weepiczao {Harm}
 79058 | Zot:1    | Found a huge runed gate.
 79058 | Zot:1    | Found a huge runed gate.
 79058 | Zot:1    | Found a huge runed gate.
 79395 | Zot:1    | Found a runed translucent gate.
 79396 | Zot:1    | Noticed Wefy's ghost (legendary GnIE)
 79396 | Zot:1    | Identified the +6 mace of the Loving Traitor {venom,
                  | Fragile rElec rPois}
 79455 | Zot:1    | Found the +8 longbow "Zephyr" {speed, Dex+3 SInv}
 79486 | Zot:1    | Killed Wefy's ghost
 79663 | Zot:1    | Noticed a dread lich
 79663 | Zot:1    | Noticed an orb of fire
 79663 | Zot:1    | Noticed a dread lich
 79663 | Zot:1    | Noticed a dread lich
 79663 | Zot:1    | Noticed a dread lich
 79664 | Zot:1    | Noticed an ancient lich
 79665 | Zot:1    | Killed a dread lich
 79665 | Zot:1    | Killed a dread lich
 79807 | Zot:1    | Killed an orb of fire
 79808 | Zot:1    | Killed a dread lich
 79811 | Zot:1    | Banished a dread lich
 79815 | Zot:1    | HP: 53/305 [storm dragon (9)]
 79962 | Zot:1    | Killed an ancient lich
 80225 | Zot:5    | Upgraded the game from 0.30-a0-509-gd016549fea to
                  | 0.30-a0-528-g8c47a4955b
 80263 | Zot:5    | Noticed an orb of fire
 80264 | Zot:5    | Noticed an orb of fire
 80266 | Zot:5    | Noticed an orb of fire
 80267 | Zot:5    | Noticed a dread lich
 80270 | Zot:5    | Killed an orb of fire
 80270 | Zot:5    | Noticed a dread lich
 80277 | Zot:5    | Killed an orb of fire
 80280 | Zot:5    | Paralysed by a dread lich for 4 turns
 80280 | Zot:5    | Killed an orb of fire
 80282 | Zot:5    | HP: 11/224 [cloud of acidic fog (38)]
 80282 | Zot:5    | Killed from afar by a Killer Klown

Illustrated notes

Levels and vault maps discovered:
D:1:      dpeg_arrival_pond, layout_loops_cross, serial_park_tiny_2
D:2:      layout_rooms, serial_shops, nicolae_shop_hallway_stairs,
          shapermc_ecumenical_altar_mp_urbaneastern, basic_altar
D:3:      layout_basic, elyvilon_altar_4, portal_sewer_entry_b,
          grunt_ministairs_7, palyth_stone_intersect
D:4:      layout_cave_pools, grunt_temple_overflow_forces_of_nature,
          mainiacjoe_overflow_alcove_4, beargit_hepliaklqana_dungeon_heroes,
          minmay_temple_entry_mist, minmay_manual_maat, uniq_pikel
D:5:      layout_basic
D:6:      layout_loops_cross, kennysheep_generic_room_11, uniq_edmund,
          uniq_grinder
D:7:      layout_cave_pools, dk_noncrumbling_2
D:8:      layout_basic, trog_antimagical, minmay_misc_feat_chi
D:9:      minmay_distorted_concentric_squares, layout_long_grid,
          mainiacjoe_overflow_surrounded_room, erik_lair_orcish_takeover,
          uniq_erica
D:10:     layout_cave_pods, lemuel_doored_altar, jmf_multi_god_temple,
          orc_0_dummy, enter_trove_6
D:11:     layout_loops_ring, serial_shops, shop_statue, serial_ice,
          serial_ice_f, serial_ice_o, serial_ice_i, serial_ice_e,
          hellmonk_guarded_unrand_salamander, uniq_nergalle, uniq_josephine
D:12:     layout_basic, minmay_misc_feat_five
D:13:     layout_rooms
D:14:     minmay_statue_hallways, layout_basic, david_vaults_1,
          grunt_ministairs_8
D:15:     gammafunk_enter_depths_forms, layout_cross, gauntlet_entry_generic
Lair:1:   layout_cave_pods, serial_bayou_pond_d, grunt_megastairs_2, uniq_fannar
Lair:2:   layout_hall_layers, minmay_swamp_entry_reptiles, dummy_spider_entry
Lair:3:   layout_long_grid, special_room [special_room_mythical_zoo],
          serial_bayou_shore_a
Lair:4:   gammafunk_indiana_jones, layout_long_grid, dpeg_slime_entry_corner,
          grunt_megastairs_5, infiniplex_staircase_pool_2
Lair:5:   minmay_lair_end_frog_pond, layout_misc_corridors
Swamp:1:  layout_basic_swamp, evilmike_swamp_ruin_rubble_2
Swamp:2:  layout_falls_marsh, evilmike_swamp_ruin_house_2, swamp_pool1
Swamp:3:  layout_basic_swamp, evilmike_swamp_ruin_rubble_1, swamp_pool4
Swamp:4:  swamp_basic_johnstein, layout_basic_swamp, swamp_pool3,
          water_boxes_lemuel
Spider:1: nicolae_spider_corner
Spider:2: layout_spider_delve, nicolae_crawler_farm, uniq_arachne, uniq_nikola,
          uniq_kirke
Spider:3: layout_spider_delve
Spider:4: spider_rune_water
Slime:1:  layout_caves
Slime:2:  layout_caves
Slime:3:  layout_caves
Slime:4:  layout_caves, nicolae_slime_welcoming_committee
Slime:5
Orc:1:    layout_caves, basic_altar
Orc:2:    grunt_orc_gardens, layout_caves, grunt_orc_garden, grunt_orc_garden,
          grunt_orc_garden, grunt_orc_garden, basic_altar, uniq_sonja,
          uniq_azrael
Elf:1:    eino_elf_arrival_sip, layout_geoelf_grid, hangedman_elf_represent,
          roderic_lattice_octagonal_star, uniq_jorgrun
Elf:2:    nicolae_elf_blades_splatter_lattice
          [nicolae_blade_entry_floor_patterns], layout_geoelf_octagon,
          portal_desolation_entry_garden
Elf:3:    minmay_elf_hall_statues, layout_geoelf_diagonals, serial_corexii_hall,
          corexii_hall_statues_s, chequers_hall_statues_wall_a,
          chequers_hall_statues_y
Vaults:1: nicolae_vaults_halls_meeting, vaults_room_pools,
          nicolae_vaults_stairing_the_circle, v_rooms_3, vaults_room_corners,
          nicolae_vaults_bisected_slash, nicolae_vaults_network_s,
          nicolae_vaults_gold_heap, nicolae_vaults_puzzle_piece, v_misc_28,
          vaults_room_ringed_pool, vaults_dpeg_hooks, layout_vaults_omnibox
Vaults:2: minmay_crypt_entry_simple_plaza, nicolae_vaults_network_barrier,
          grunt_vaults_hallway_long, v_misc_16, ontoclasm_vaults_shuriken,
          grunt_vaults_diagonal, vaults_dpeg_diagonal, v_rooms_4,
          vaults_mumra_minichess_inversion, ontoclasm_vaults_loading_screen,
          v_misc_29, hangedman_vaults_trim, ontoclasm_vaults_claustrophobia,
          nicolae_vaults_holding_cells, nicolae_vaults_alarming,
          layout_vaults_ring, uniq_margery
Vaults:3: ontoclasm_vaults_ring_small, hangedman_vaults_impose,
          vaults_standard_mumra_x, v_misc_8, v_alt_pattern_2,
          ontoclasm_vaults_misaligned, ontoclasm_vaults_ligature,
          layout_vaults_omnigrid, serial_shops, shop_coins, uniq_xtahua
Vaults:4: v_misc_32, vaults_mumra_chevron_long, st_smaller_cells, v_rooms_4,
          vaults_room_grunt_arrival_checkpoint, layout_vaults_big_room
Vaults:5: uniq_boris
Crypt:1:  layout_chaotic_city, grunt_ministairs_7, lemuel_upstairs_altar
Crypt:2:  grunt_deathspiral_small, layout_rooms, serial_sigils_hangedman_writhe
Crypt:3:  church_of_pain_bobbens, layout_chaotic_city,
          tomb_entry_forgotten_bobbens, uniq_grunn, uniq_khufu, uniq_jory
Depths:1: layout_basic, grunt_hell_entry_dis_grunt, minmay_crystal_water,
          minmay_door_square, hangedman_decor_opposing, grunt_ministairs_3,
          cheibriados_altar_1, uniq_saint_roka, uniq_bai_suzhen
Depths:2: grunt_bent_corner, layout_long_grid, enter_ziggurat_d, pan_entry,
          hangedman_coc_ice_floe, ebering_dispersal_statue_hall, minislime_mu,
          uniq_aizul
Depths:3: minmay_box_of_statues, layout_gridlike, minmay_crystal_room,
          hell_entry, gammafunk_ghost_icy, abyss_entry, uniq_frederick
Depths:4: grunt_zot_entry_gee_three, layout_basic, abyss_entry_glasseish,
          hell_entry, hangedman_decor_slide_cut
Hell
Zot:1:    layout_onion, gammafunk_ghost_necromancy, door_vault
Zot:2:    kennysheep_ambush_hall, layout_twisted_circle
Zot:3:    layout_cathedral_of_symmetry, grunt_megastairs_3, uniq_josephina
Zot:4:    hangedman_zot_vaults_quadrants, layout_cathedral_of_symmetry
Zot:5:    layout_gridville, hangedman_zot_diagonal_lockstep

Skill      XL: |  1  2  3  4  5  6  7  8  9 10 11 12 13 14 15 16 17 18 19 20 21 22 23 24 25 26 27 |
---------------+----------------------------------------------------------------------------------+-----
Invocations    | 1 2 3 4 5 7 8 9 10 11 12 13 14 15 16 17 18 19 20 21 | 21.5
Short Blades   | 1 2 3 5 6 7 8 9 10 11 12 13 14 15 16 17 18 19 | 19.9
Long Blades    | 1 2 3 5 6 7 8 9 10 11 12 13 14 15 16 17 18 19 | 19.9
Axes           | 1 2 3 5 6 7 8 9 10 11 12 13 14 15 16 17 18 19 | 19.9
Maces & Flails | 1 2 3 5 6 7 8 9 10 11 12 13 14 15 16 17 18 19 | 19.9
Polearms       | 1 2 3 4 6 8 9 11 12 13 14 15 16 17 18 19 20 21 22 23 24 25 | 25.5
Staves         | 1 2 3 5 6 7 8 9 10 11 12 13 14 15 16 17 18 19 | 19.9
Throwing       | 1 2 3 5 6 7 8 9 10 11 12 13 14 15 16 17 18 19 | 19.9
Armour         | 1 2 3 5 6 7 8 9 10 11 12 13 14 15 16 17 18 19 | 19.9
Stealth        | 1 2 3 5 6 7 8 9 10 11 12 13 14 15 16 17 18 19 | 19.9
Shields        | 1 2 3 5 6 7 8 9 10 11 12 13 14 15 16 17 19 21 | 21.5
Unarmed Combat | 1 2 3 5 6 7 8 9 10 11 12 13 14 15 16 17 18 19 | 19.9
Evocations     | 1 2 3 5 6 7 8 9 10 11 12 13 14 15 16 17 18 19 | 19.9
Spellcasting   | 3 4 5 7 8 9 10 11 12 13 14 15 16 17 18 20 | 20.1
Conjurations   | 1 2 3 4 5 6 7 8 9 10 11 12 13 14 15 17 | 17.0
Summonings     | 1 2 3 4 5 6 7 8 9 10 11 12 13 14 15 17 | 17.0
Necromancy     | 1 2 3 4 5 6 7 8 9 10 11 12 13 14 15 17 | 17.0
Translocations | 1 2 3 4 5 6 7 8 9 10 11 12 13 14 15 17 | 17.0
Transmutations | 1 2 3 4 5 6 7 8 9 10 11 12 13 14 15 17 | 17.0
Fire Magic     | 1 2 3 4 5 6 7 8 9 10 11 12 13 14 15 17 | 17.0
Ice Magic      | 1 2 3 4 5 6 7 8 9 10 11 12 13 14 15 17 | 17.0
Air Magic      | 1 2 3 4 5 6 7 8 9 10 11 12 13 14 15 17 | 17.0
Earth Magic    | 1 2 3 4 5 6 7 8 9 10 11 12 13 14 15 17 | 17.0
Poison Magic   | 1 2 3 4 5 6 7 8 9 10 11 12 13 14 15 17 | 17.0
Fighting       | 3 4 5 7 8 9 10 11 12 13 14 15 16 17 18 20 | 20.1
Ranged Weapons | 5 6 8 9 10 11 12 13 14 15 16 17 18 19 20 | 20.3
Dodging        | 5 6 8 9 10 11 12 13 14 15 16 17 18 19 20 | 20.5
Hexes          | 6 7 8 9 10 11 12 13 14 15 16 17 | 17.8

Action                   |  1- 3 |  4- 6 |  7- 9 | 10-12 | 13-15 | 16-18 | 19-21 | 22-24 | 25-27 || total
-------------------------+-------+-------+-------+-------+-------+-------+-------+-------+-------++-------
Melee: Dagger            |    29 |    35 |   138 |   276 |   224 |       |       |       |       ||   702
       Bite              |     5 |     2 |    17 |    74 |   111 |    93 |   100 |   145 |   129 ||   676
       Punch             |     1 |       |     5 |    17 |     9 |       |       |       |       ||    32
       Whip              |       |       |    11 |   127 |   181 |       |       |       |       ||   319
       Quarterstaff      |       |       |       |     8 |       |       |       |       |       ||     8
       Trident           |       |       |       |    34 |       |       |       |       |       ||    34
       Scimitar          |       |       |       |       |    14 |       |       |       |       ||    14
       Demon whip        |       |       |       |       |   327 |   540 |   543 |   638 |   298 ||  2346
       Staff             |       |       |       |       |     2 |       |       |       |       ||     2
       Demon trident     |       |       |       |       |       |       |       |       |   566 ||   566
 Fire: Sling             |   126 |   103 |   236 |   290 |   546 |    39 |       |       |       ||  1340
Throw: Stone             |       |     2 |    17 |    68 |   102 |    77 |    18 |    69 |   191 ||   544
       Dart              |       |       |     7 |     1 |     2 |   174 |   133 |       |     4 ||   321
       Javelin           |       |       |       |     2 |     1 |     3 |     7 |     4 |    13 ||    30
       Boomerang         |       |       |       |       |       |    62 |   171 |   149 |   120 ||   502
       Throwing net      |       |       |       |       |       |       |     1 |       |       ||     1
 Cast: Summon Small Mamm |       |    15 |     6 |     1 |       |       |       |       |       ||    22
       Poisonous Vapours |       |       |    20 |    18 |     8 |     2 |     3 |       |       ||    51
       Mephitic Cloud    |       |       |     9 |    27 |     6 |     2 |       |       |       ||    44
       Ignite Poison     |       |       |     7 |    30 |     9 |    26 |    30 |     1 |       ||   103
       Sticky Flame      |       |       |       |     3 |     5 |    15 |       |       |     1 ||    24
       Necrotise         |       |       |       |     2 |     2 |       |       |       |       ||     4
       Freezing Cloud    |       |       |       |     6 |    55 |    65 |    40 |     8 |    10 ||   184
       Slow              |       |       |       |     2 |     1 |       |       |       |       ||     3
       Lee's Rapid Decon |       |       |       |       |    24 |    36 |    57 |    42 |    21 ||   180
       Statue Form       |       |       |       |       |    22 |    57 |    40 |    46 |    58 ||   223
       Dispel Undead     |       |       |       |       |    17 |    17 |     5 |    15 |    27 ||    81
       Olgreb's Toxic Ra |       |       |       |       |       |    50 |    10 |       |       ||    60
       Death Channel     |       |       |       |       |       |     8 |     2 |     2 |    24 ||    36
       Borgnjor's Vile C |       |       |       |       |       |    14 |    27 |    26 |     7 ||    74
       Apportation       |       |       |       |       |       |     3 |       |       |     1 ||     4
       Spellforged Servi |       |       |       |       |       |       |    39 |    53 |    56 ||   148
       Ignition          |       |       |       |       |       |       |    28 |    45 |    46 ||   119
       Shatter           |       |       |       |       |       |       |       |       |    14 ||    14
       Lehudib's Crystal |       |       |       |       |       |       |       |       |    14 ||    14
Invok: Curse Item        |       |     3 |     2 |     4 |     5 |     1 |     2 |     1 |     2 ||    20
       Shatter the Chain |       |       |     2 |     1 |     3 |     1 |       |     2 |     2 ||    11
Evoke: Wand              |       |       |       |     1 |     9 |    12 |     4 |     3 |       ||    29
       Lightning rod     |       |       |       |       |       |     9 |     5 |    16 |       ||    30
       Tin of tremorston |       |       |       |       |       |     7 |    11 |     9 |     9 ||    36
       Condenser vane    |       |       |       |       |       |     1 |     1 |     3 |     2 ||     7
       Box of beasts     |       |       |       |       |       |     1 |     1 |     3 |     2 ||     7
       Phial of floods   |       |       |       |       |       |       |     1 |       |       ||     1
       Phantom mirror    |       |       |       |       |       |       |       |     1 |     2 ||     3
       Horn of Geryon    |       |       |       |       |       |       |       |       |     4 ||     4
  Use: Scroll            |       |     3 |     1 |     1 |     3 |     6 |     1 |     2 |    22 ||    39
       Potion            |       |     2 |       |     2 |       |       |     2 |       |     5 ||    11
 Stab: Sleeping          |       |     1 |       |       |     1 |       |     6 |     1 |     2 ||    11
       Distracted        |       |       |     1 |       |       |     2 |     2 |    22 |    44 ||    71
       Confused          |       |       |     2 |     5 |     3 |       |       |       |       ||    10
Armor: Robe              |    16 |    12 |    23 |       |       |       |       |       |       ||    51
       Steam dragon scal |       |       |     4 |    91 |    90 |       |       |       |       ||   185
       Skin              |       |       |       |       |   158 |   347 |   194 |   265 |   259 ||  1223
       Ring mail         |       |       |       |       |    18 |    36 |    23 |    21 |    32 ||   130
Dodge: Dodged            |    70 |    67 |   152 |   311 |   595 |   493 |   311 |   415 |   507 ||  2921
Block: Kite shield       |       |       |       |    84 |   351 |   522 |   382 |   490 |       ||  1829
       Buckler           |       |       |       |     1 |     7 |       |       |       |       ||     8
       Tower shield      |       |       |       |       |       |       |       |   119 |   973 ||  1092

Table legend: (Time is in decaauts)
 A = Elapsed time spent in this place.
 B = Non-inter-level travel time spent in this place.
 C = Inter-level travel time spent in this place.
 D = Time resting spent in this place.
 E = Time spent auto-exploring this place.
 F = Levels seen in this place.
 G = Mean time per level.
                   A        B        C        D        E       F      G
               +--------+--------+--------+--------+--------+-----+--------+
         Total |  84396 |  69947 |  14449 |  13531 |  39108 |  60 | 1406.6 |
       Dungeon |  19227 |  14927 |   4300 |   2137 |   9446 |  15 | 1281.8 |
          Lair |  10599 |   8041 |   2558 |   1968 |   4224 |   5 | 2119.8 |
         Swamp |   4507 |   4065 |    442 |   1025 |   1998 |   4 | 1126.8 |
   Spider Nest |   6595 |   5676 |    919 |   1618 |   2652 |   4 | 1648.8 |
    Slime Pits |    960 |    819 |    141 |    423 |     55 |   5 |  192.0 |
  Orcish Mines |   2047 |   1590 |    457 |    307 |    842 |   2 | 1023.5 |
   Elven Halls |   5462 |   5140 |    322 |   1616 |   2247 |   3 | 1820.7 |
        Vaults |  10269 |   7950 |   2319 |    810 |   5628 |   5 | 2053.8 |
         Crypt |   5889 |   4954 |    935 |   1109 |   2557 |   3 | 1963.0 |
        Depths |   7997 |   6962 |   1035 |   1107 |   4193 |   4 | 1999.2 |
          Hell |    722 |    701 |     21 |      0 |    478 |   1 |  722.0 |
           Zot |   7234 |   6239 |    995 |    595 |   4255 |   5 | 1446.8 |
         Trove |    105 |    105 |      0 |      0 |     72 |   1 |  105.0 |
         Sewer |    419 |    419 |      0 |    248 |     61 |   1 |  419.0 |
    Desolation |   1652 |   1652 |      0 |    434 |    276 |   1 | 1652.0 |
      Gauntlet |    704 |    704 |      0 |    129 |    120 |   1 |  704.0 |
               +--------+--------+--------+--------+--------+-----+--------+

Top non-repeatable levels by time:
  Lair:4: 3480 daAuts
 Crypt:3: 2632 daAuts
Vaults:2: 2616 daAuts
Depths:2: 2332 daAuts
    D:10: 2238 daAuts
Spider:4: 2146 daAuts
Depths:3: 2135 daAuts
Vaults:5: 2075 daAuts
    D:14: 2050 daAuts
   Elf:3: 2046 daAuts
Depths:1: 2022 daAuts
Spider:1: 1966 daAuts
   Elf:1: 1962 daAuts
Vaults:1: 1883 daAuts
  Lair:2: 1858 daAuts
